[Event "45th FIDE Womens Olympiad 2024"]
[Site "Budapest"]
[Date "2024.09.16"]
[Round "6.48"]
[White "Demeter, Dorina"]
[Black "Hejazipour, Mitra"]
[Result "0-1"]
[ECO "A87"]
[WhiteElo "2199"]
[BlackElo "2327"]
[Annotator "RC"]
[PlyCount "118"]
[EventDate "2024.09.05"]
[EventType "team-tourn"]
[EventCountry "HUN"]
[SourceTitle "playchess.com"]
[Source "ChessBase"]
[SourceQuality "1"]
[WhiteTeam "Hungary B"]
[BlackTeam "France"]
[BlackTeamCountry "FRA"]
[TimeControl "40/5400+30:1800+30"]

1. Nf3 f5 2. d4 Nf6 3. c4 g6 4. g3 Bg7 5. Bg2 O-O 6. O-O d6 7. b3 c6 8. Bb2 Na6 9. Nbd2 h6 10. a3 Qe8 11. Re1 g5 12. Qc2 Nc7 13. e4 fxe4 14. Nxe4 Qg6 15. Nxf6+ Qxf6 16. Re3 Rf7 17. Rae1 Bg4 18. Bc3 e6 19. h3 Qf5 20. Qxf5 Bxf5 21. Nd2 d5 22. Nf3 a5 23. a4 Bc2 24. Bd2 Be4 25. Ne5 Bxe5 26. dxe5 Bxg2 27. Kxg2 b6 28. Rd3 c5 29. f4 gxf4 30. gxf4 Rg7+ 31. Rg3 Rxg3+ 32. Kxg3 dxc4 33. bxc4 Rd8 34. Be3 Rd3 35. Kf3 Na6 36. f5 exf5 37. Kf4 Kf7 38. Kxf5 Nc7 39. Bxh6 Ne6 40. Rf1 Rd4 41. Rb1 Rh4 42. Bc1 Rxc4 43. Be3 Ng7+ 44. Kg5 Re4 45. Rf1+ Ke7 46. Kg6 Rxe3 47. Kxg7 Rg3+ 48. Kh6 Rxh3+ 49. Kg5 Ke6 50. Rf6+ Kxe5 51. Rxb6 Rg3+ 52. Kh4 Ra3 53. Rb5 Rxa4+ 54. Kg3 Kd4 55. Kf3 Ra1 56. Ke2 a4 57. Kd2 a3 58. Kc2 a2 59. Ra5 Rh1 0-1

[Event "45th FIDE Womens Olympiad 2024"]
[Site "Budapest"]
[Date "2024.09.16"]
[Round "6.49"]
[White "Roebers, Eline"]
[Black "Khamdamova, Afruza"]
[Result "1/2-1/2"]
[ECO "C29"]
[WhiteElo "2340"]
[BlackElo "2313"]
[Annotator "TA"]
[PlyCount "97"]
[EventDate "2024.09.05"]
[EventType "team-tourn"]
[EventCountry "HUN"]
[SourceTitle "playchess.com"]
[Source "ChessBase"]
[SourceQuality "1"]
[WhiteTeam "Netherlands"]
[BlackTeam "Uzbekistan"]
[WhiteTeamCountry "NED"]
[BlackTeamCountry "UZB"]
[TimeControl "40/5400+30:1800+30"]

1. e4 e5 2. Nc3 Nf6 3. f4 d5 4. fxe5 Nxe4 5. Qf3 Nxc3 6. dxc3 {C29: Vienna Game: 2...Nf6 3 f4.} Be6 7. Bf4 c6 {Recently 7...Qd7 got a lot of attention.} 8. O-O-O Nd7 9. Qg3 h6 10. h4 Qa5 11. Kb1 O-O-O 12. Nf3 c5 13. Be2 g6 $146 ({Predecessor:} 13... Nb6 14. Bd2 Qa4 15. Bc1 Be7 16. h5 Rhg8 17. Bd3 Qg4 18. Qxg4 Bxg4 19. Rde1 Rde8 {1-0 Belenkaya,D (2322)-Levitan,R (2150) ISR-chT (Women) 2023 (4.1)}) 14. Nd2 Qc7 15. Rhe1 ({Better is} 15. c4 $14 Nb6 16. Bg4) 15... Bg7 16. Bg4 Rhe8 17. Nb3 Qc6 (17... Bxg4 $11 18. Qxg4 Bxe5 19. Bxh6 c4) 18. Bf3 $1 $14 Nb6 19. Qf2 $1 Bf8 20. Qe3 ({White should try} 20. Be3 $1 $14) 20... Nc4 $11 21. Qc1 h5 22. Nd2 Nxd2+ 23. Rxd2 Qb6 24. Be2 Be7 25. g3 d4 26. c4 Rd7 27. Bd3 {[#]} (27. b3 $11) 27... Qa6 (27... Qa5 $1 $17 28. Re4 b5) 28. b3 $11 Bd8 29. Rf2 Bc7 30. Bd2 Kb8 31. c3 (31. a4 $11) 31... Ba5 32. cxd4 Rxd4 33. Bc2 $1 Red8 34. Bxa5 (34. Be3 $15) 34... Qxa5 $17 35. Re4 R4d7 36. Qe1 Qc7 (36... Qa3 $17 {White must now prevent ...Bf5.} 37. Qc1 Qa6) 37. Re3 {[#]} (37. Kb2 $15) 37... Bf5 (37... a6 $1 $17 38. Kb2 (38. Qf1 Rd4) 38... Bg4) 38. Kb2 (38. Qc3 $5) 38... Bxc2 39. Rxc2 Rd1 40. Qf2 Qe7 41. Qf4 R8d4 42. Re4 Rxe4 43. Qxe4 Rd4 44. Qe3 a6 45. Rf2 f5 46. Rf4 Rd8 47. Rf2 Rd4 48. Rf4 Rd8 49. Rf2 1/2-1/2

[Event "45th FIDE Womens Olympiad 2024"]
[Site "Budapest"]
[Date "2024.09.16"]
[Round "6.50"]
[White "Yakubbaeva, Nilufar"]
[Black "Peng, Zhaoqin"]
[Result "1/2-1/2"]
[ECO "E14"]
[WhiteElo "2248"]
[BlackElo "2349"]
[Annotator "TA"]
[PlyCount "70"]
[EventDate "2024.09.05"]
[EventType "team-tourn"]
[EventCountry "HUN"]
[SourceTitle "playchess.com"]
[Source "ChessBase"]
[SourceQuality "1"]
[WhiteTeam "Uzbekistan"]
[BlackTeam "Netherlands"]
[WhiteTeamCountry "UZB"]
[BlackTeamCountry "NED"]
[TimeControl "40/5400+30:1800+30"]

1. d4 d5 2. c4 e6 3. Nc3 Nf6 4. Nf3 Nbd7 5. e3 Be7 6. Be2 O-O 7. O-O b6 8. b3 Bb7 9. Bb2 c5 10. Rc1 a6 11. cxd5 exd5 12. Bd3 Re8 13. dxc5 Nxc5 14. Bb1 Nfe4 15. Nd4 Bf6 16. b4 Nxc3 17. Bxc3 Ne4 18. Ba1 Rc8 19. Qd3 {f3 would now be deadly.} g6 20. Rxc8 Qxc8 21. a3 Qc4 22. Rd1 Kg7 23. Bb2 (23. Qf1 {simplifies} Qxf1+ 24. Kxf1 Nd6 25. a4) 23... Rc8 24. f3 {[#] Hoping for Qxc4.} Nc3 {aiming for ...Qxd3.} 25. Re1 Na4 (25... Bxd4 {simplifies} 26. Qxd4+ Qxd4 27. exd4 Nxb1 28. Rxb1 Kf6) 26. Ba1 Qxd3 27. Bxd3 h5 28. Kf2 Kg8 (28... b5 $11) 29. Ke2 (29. Nf5 $1 $14 Rc6 30. Bxf6 (30. b5 axb5 31. Bxf6 Rxf6 $16) 30... Rxf6 31. Nd4) 29... Bg7 30. Kd2 Kf8 31. Bc2 b5 32. Bxa4 bxa4 33. Rc1 ({White should try} 33. Ne2 $14) 33... Rxc1 $11 {The position is equal.} 34. Kxc1 Bxd4 35. Bxd4 Ke7 {Weighted Error Value: White=0.16 (very precise) /Black=0.12 (very precise) .  Mistake:       	White=2     	Black=1      Inaccurate:     	White=2     	Black=3      OK:         	White=5     	Black=12} 1/2-1/2

[Event "45th FIDE Womens Olympiad 2024"]
[Site "Budapest"]
[Date "2024.09.16"]
[Round "6.51"]
[White "Van Foreest, Machteld"]
[Black "Omonova, Umida"]
[Result "1-0"]
[ECO "C54"]
[WhiteElo "2224"]
[BlackElo "2032"]
[Annotator "TA"]
[PlyCount "87"]
[EventDate "2024.09.05"]
[EventType "team-tourn"]
[EventCountry "HUN"]
[SourceTitle "playchess.com"]
[Source "ChessBase"]
[SourceQuality "1"]
[WhiteTeam "Netherlands"]
[BlackTeam "Uzbekistan"]
[WhiteTeamCountry "NED"]
[BlackTeamCountry "UZB"]
[TimeControl "40/5400+30:1800+30"]

1. e4 e5 2. Nf3 Nc6 3. Bc4 Bc5 4. c3 Nf6 5. d3 a6 6. Bb3 Ba7 7. h3 d6 8. Nbd2 h6 9. Nf1 d5 10. Qe2 Qd6 (10... O-O $11) 11. exd5 $14 Nxd5 12. d4 e4 13. Qxe4+ $16 Be6 14. Bxd5 ({White should try} 14. Ne3 $18 Nf6 15. Qc2) 14... Qxd5 $14 15. Qxd5 Bxd5 16. Bf4 O-O-O 17. Ne3 Rhe8 18. O-O Be4 19. Rad1 Ne7 20. Ne5 f6 21. Nd3 Nd5 22. Nxd5 Bxd5 23. b3 g5 24. Be3 c6 25. Rfe1 f5 (25... a5 $14) 26. f3 $16 Bb8 27. Bf2 Rg8 (27... Bf7 $14) 28. c4 Bf7 29. Re7 $36 {[%mdl 2048] White is on the roll.} Rd7 30. Rxd7 Kxd7 31. Ne5+ Bxe5 32. dxe5+ {[%mdl 4096] Endgame. KRB-KRB} Kc8 {[#]} (32... Kc7 $16 33. Bc5 Be6) 33. Bb6 $1 $18 Be6 34. Rd6 Re8 {[#]} 35. h4 $1 f4 (35... a5 36. Bxa5) 36. h5 g4 $2 {[#]} (36... Bf5 37. Rxh6 Rxe5) 37. g3 $1 fxg3 (37... a5 38. gxf4) 38. f4 {White is clearly winning.} Kb8 39. Kg2 Kc8 40. Kxg3 Kb8 41. Kf2 Kc8 42. Ke3 {And now Ke4 would win.} Kb8 (42... g3 $142 43. Kf3 c5 44. Kxg3 (44. Bxc5 Bf5 $18) 44... Bf5 45. Rxh6 (45. Bxc5 Re6 $18) 45... Rg8+ 46. Kf2 Rg4) 43. Ke4 g3 44. Kf3 {Weighted Error Value: White=0.12 (very precise) /Black=0.35.  Mistake:       	White=1     	Black=7      Inaccurate:     	White=2     	Black=2      OK:         	White=16    	Black=12     Best:        	White=4     	---        Strong:       	White=1     	---} 1-0

[Event "45th FIDE Womens Olympiad 2024"]
[Site "Budapest"]
[Date "2024.09.16"]
[Round "6.52"]
[White "Nadirjanova, Nodira"]
[Black "Kazarian, Anna-Maja"]
[Result "1-0"]
[ECO "D45"]
[WhiteElo "2059"]
[BlackElo "2180"]
[Annotator "TA"]
[PlyCount "83"]
[EventDate "2024.09.05"]
[EventType "team-tourn"]
[EventCountry "HUN"]
[SourceTitle "playchess.com"]
[Source "ChessBase"]
[SourceQuality "1"]
[WhiteTeam "Uzbekistan"]
[BlackTeam "Netherlands"]
[WhiteTeamCountry "UZB"]
[BlackTeamCountry "NED"]
[TimeControl "40/5400+30:1800+30"]

1. d4 d5 2. c4 c6 3. e3 Nf6 4. Nc3 e6 5. Nf3 Nbd7 6. Be2 Bd6 7. O-O Ne4 8. Bd3 f5 9. Ne2 Qf6 {The position is equal.} 10. Ne1 O-O 11. f3 Qh4 12. g3 $18 (12. fxe4 $2 {leads to mate.} Bxh2+ (12... Qxh2+ $2 13. Kf2 $19) 13. Kh1 Bg3+ 14. Kg1 Qh2#) 12... Nxg3 (12... Qh3 $142 13. fxe4 dxe4) 13. hxg3 Bxg3 14. Nxg3 Qxg3+ 15. Ng2 e5 16. Qe1 Qg6 (16... Qxe1 $142 17. Nxe1 (17. Rxe1 e4 $18) 17... e4) 17. cxd5 cxd5 18. Bd2 e4 19. Be2 Nf6 20. f4 (20. Bb4 $18 Re8 21. Bd6) 20... Bd7 $16 21. Rc1 Ng4 (21... Rfc8 $16 {is a better defense.} 22. Qh4 Qf7) 22. Qh4 $18 Qb6 23. Bxg4 fxg4 24. Bc3 Rad8 25. Kf2 Rf6 26. Rh1 h6 27. Kg1 Rc8 28. Qe1 Kh7 {[#]} 29. Rh2 (29. Rh5 $142 $1 Bf5 30. Qg3) 29... Qa6 30. a3 Bb5 {[#]} (30... Rcc6 $16 {was necessary.} 31. Rh5 Bf5) 31. Rh5 $1 Qe6 32. Re5 Qd7 33. Kh2 b6 34. Rc2 ({White should play} 34. Nh4 $18) 34... Bd3 35. Rd2 Qb5 $2 {This costs Black the game.} (35... Rcf8 $16 36. Qg3 R8f7) 36. Qd1 g3+ 37. Kxg3 Rg6+ (37... Rcf8 $142 38. Nh4 Qd7) 38. Kh2 {White is clearly winning.} Qd7 39. Qh5 Bc4 40. Nh4 Rg4 41. Nf5 Rg6 42. Ne7 {Weighted Error Value: White=0.17 (very precise) /Black=0.43.  Loses game:     	---       	Black=2      Mistake:       	White=3     	Black=5      Inaccurate:     	White=2     	Black=3      OK:         	White=15    	Black=9      Best:        	White=2     	---        Strong:       	White=1     	---} 1-0

[Event "45th FIDE Womens Olympiad 2024"]
[Site "Budapest"]
[Date "2024.09.16"]
[Round "6.53"]
[White "Atalik, Ekaterina"]
[Black "Unuk, Laura"]
[Result "1/2-1/2"]
[ECO "D13"]
[WhiteElo "2381"]
[BlackElo "2316"]
[Annotator "TA"]
[PlyCount "95"]
[EventDate "2024.09.05"]
[EventType "team-tourn"]
[EventCountry "HUN"]
[SourceTitle "playchess.com"]
[Source "ChessBase"]
[SourceQuality "1"]
[WhiteTeam "Turkiye"]
[BlackTeam "Slovenia"]
[BlackTeamCountry "SLO"]
[TimeControl "40/5400+30:1800+30"]

1. d4 d5 2. c4 c6 3. Nf3 Nf6 4. cxd5 cxd5 5. Nc3 Nc6 6. Bf4 a6 7. e3 Bf5 8. Bd3 Bxd3 9. Qxd3 e6 10. O-O Bd6 11. Bg5 h6 12. Bh4 O-O 13. Rfc1 Be7 14. Bxf6 Bxf6 15. Na4 Be7 16. Nc5 Bxc5 17. Rxc5 Qb6 18. Qc3 a5 19. Ne5 Nxe5 20. dxe5 f6 (20... Rfb8 $11 {keeps the balance.}) 21. Rc1 fxe5 22. Qxe5 {[#] Threatens to win with Rc7.} Rf5 23. Qd4 {aiming for Rc8+.} Raf8 24. f3 Qa6 25. Kf2 {White is more active.} (25. Qd2 $16) 25... Qd6 $14 26. Kg1 (26. Rxa5 $2 {perishes.} Qxh2 27. Qd1 Rxf3+ 28. Qxf3 Qh4+ (28... Rxf3+ $2 29. Kxf3 h5 30. Ra4 $17) 29. Ke2 Rxf3 30. Kxf3 Qf6+ 31. Kg3 Qxb2 32. Rc8+ Kh7 $19) (26. Rc7 $14 Rg5 27. g3 (27. Rxb7 $2 {is the wrong capture.} Qxh2 28. Rg1 Rxf3+ 29. Kxf3 Qxg1 $19)) 26... Qa6 $1 $16 27. R1c2 a4 28. a3 R5f7 29. Rc8 Rxc8 30. Rxc8+ Rf8 31. Rxf8+ (31. Rc2 $14) 31... Kxf8 $14 {[%mdl 4096] Endgame. KQ-KQ. The position is equal.} 32. h4 Qc6 33. Qf4+ Ke7 34. Qe5 Kf7 35. Kh2 b5 36. Qf4+ Ke7 37. Qd4 Kf7 38. Kg3 Qc4 39. Qa7+ Kf6 40. Qb8 Kf7 {Repels Qf8+} 41. h5 Qe2 42. Qc7+ Kf8 43. Qf4+ Ke7 44. Qc7+ Kf8 45. Qd8+ Kf7 46. Qd7+ Kf6 47. Qd8+ Kf7 48. Qc7+ {Weighted Error Value: White=0.10 (very precise) /Black=0.05 (flawless) .  Mistake:       	White=3     	Black=1      Inaccurate:     	White=1     	---        OK:         	White=12    	Black=20     Best:        	---       	Black=2      Strong:       	---       	Black=1} 1/2-1/2

[Event "45th FIDE Womens Olympiad 2024"]
[Site "Budapest"]
[Date "2024.09.16"]
[Round "6.54"]
[White "Urh, Zala"]
[Black "Yildiz Kadioglu, Betul Cemre"]
[Result "1/2-1/2"]
[ECO "D31"]
[WhiteElo "2251"]
[BlackElo "2314"]
[Annotator "RC"]
[PlyCount "93"]
[EventDate "2024.09.05"]
[EventType "team-tourn"]
[EventCountry "HUN"]
[SourceTitle "playchess.com"]
[Source "ChessBase"]
[SourceQuality "1"]
[WhiteTeam "Slovenia"]
[BlackTeam "Turkiye"]
[WhiteTeamCountry "SLO"]
[TimeControl "40/5400+30:1800+30"]

1. d4 d5 2. c4 e6 3. Nf3 a6 4. cxd5 exd5 5. Nc3 h6 6. Bf4 Nf6 7. e3 Bd6 8. Ne5 Qe7 9. Bg3 Bf5 10. Bd3 Bxd3 11. Qxd3 c6 12. O-O O-O 13. Rae1 Nbd7 14. Qf5 Rfe8 15. f4 Bb4 16. Qh3 Bxc3 17. bxc3 Nxe5 18. fxe5 Ne4 19. Bh4 Qe6 20. Qxe6 fxe6 21. Rc1 b5 22. Rc2 Rf8 23. Rf3 Rf7 24. Kf1 Rc8 25. Ke2 c5 26. Be1 Rfc7 27. a3 cxd4 28. exd4 Rc4 29. Rd3 Kf7 30. Rf3+ Ke8 31. Rd3 R8c7 32. Kd1 Kf7 33. Rf3+ Kg6 34. Rc1 a5 35. Rb1 Nxc3+ 36. Bxc3 Rxc3 37. Rxb5 a4 38. Rb6 Rxf3 39. gxf3 Kf5 40. Rb4 Ra7 41. Ke2 Kf4 42. Rb6 Kf5 43. Kd3 g5 44. Rb8 Kg6 45. Rb6 Kf5 46. Rb8 Kg6 47. Rb6 1/2-1/2

[Event "45th FIDE Womens Olympiad 2024"]
[Site "Budapest"]
[Date "2024.09.16"]
[Round "6.55"]
[White "Ozturk Orenli, Kubra"]
[Black "Janzelj, Lara"]
[Result "0-1"]
[ECO "D17"]
[WhiteElo "2262"]
[BlackElo "2193"]
[Annotator "TA"]
[PlyCount "92"]
[EventDate "2024.09.05"]
[EventType "team-tourn"]
[EventCountry "HUN"]
[SourceTitle "playchess.com"]
[Source "ChessBase"]
[SourceQuality "1"]
[WhiteTeam "Turkiye"]
[BlackTeam "Slovenia"]
[BlackTeamCountry "SLO"]
[TimeControl "40/5400+30:1800+30"]

1. d4 d5 2. c4 c6 3. Nf3 Nf6 4. Nc3 dxc4 5. a4 Bf5 6. Ne5 Nbd7 7. Nxc4 Qc7 8. g3 e5 9. dxe5 Nxe5 10. Bf4 Nfd7 11. Bg2 g5 12. Ne3 (12. Nxe5 {simplifies} gxf4 13. Nxd7 Qxd7 14. Qxd7+ Bxd7 15. gxf4 Be7 16. e3) 12... gxf4 13. Nxf5 O-O-O {[%cal Of4f3] White has an edge.} 14. Qc2 (14. gxf4 Nc5 15. Qc2 Nc4 $11) 14... Bc5 (14... Kb8 $11) 15. O-O-O (15. gxf4 $16 Nc4 16. e3) 15... fxg3 (15... Bxf2 $11 16. gxf4 Ng4) 16. hxg3 $14 Kb8 17. e3 (17. f4 $1 $16 {[%cal Oc3e4] Ne4! is the strong threat.} Ng4 18. Ne4) 17... Qa5 18. Ne4 {aiming for f4.} Bb4 19. Kb1 (19. f4 $5 Ng4 20. Rd4 $16) 19... Nb6 20. Ned6 Rd7 (20... Qxa4 $11 21. Qxa4 Nxa4) 21. Rd4 (21. f4 $14 {keeps the upper hand.} Rhd8 22. Nxb7 (22. fxe5 Qxe5 23. Rxh7 Bxd6 $11) 22... Rxd1+ 23. Rxd1 Rxd1+ 24. Qxd1 Kxb7 25. fxe5 Qxa4 26. Qxa4 Nxa4 27. Nh6 (27. Nd4 Nb6 $14)) 21... Rhd8 (21... Bc5 $1 $17 {[%cal Oh8d8] Hoping for ...Rhd8!} 22. Ne4 (22. Nc4 $2 Nbxc4 23. Rxd7 Qb4 $19) 22... Bxd4 23. exd4 Nec4) 22. Rhd1 (22. Ne4 $11) 22... Bc5 $1 $17 23. R4d2 (23. Nc4 $2 Nbxc4 24. Rxd7 Rxd7 $19 (24... Na3+ 25. bxa3 Rxd7 26. Nd4 $15)) 23... Qb4 $1 {Dodges Qe4} (23... Nxa4 24. f4 Ng4 25. Nc4 (25. Nxb7 $2 Nc3+ 26. Qxc3 Qxc3 $19) 25... Rxd2 26. Nxa5 $16) 24. Ne4 (24. a5 $17 {is more resistant.} Nbc4 (24... Rxd6 $2 25. Nxd6 Bxd6 26. axb6 $18) (24... Qxa5 25. f4 $17) (24... Bxd6 25. axb6 axb6 26. Qc3 $15) 25. Nxc4 Nxc4 26. Rxd7 Rxd7 27. Kc1 Rxd1+ 28. Kxd1) 24... Nec4 (24... Nxa4 25. Rxd7 Rxd7 26. Rxd7 Nxd7 27. Qd2 $17) (24... Nbc4 $142 25. Rxd7 Rxd7) 25. Rxd7 $19 Rxd7 26. Kc1 Rxd1+ 27. Kxd1 Nxb2+ 28. Ke2 N6xa4 (28... N2xa4 29. Kf1 $19) 29. g4 (29. Kf1 $142) 29... Qb5+ 30. Kf3 a5 31. Kg3 Bb6 32. Ned6 (32. Qc1 $142) 32... Qe5+ $2 ({Black should play} 32... Bc7 $19 33. f4 Bxd6 34. Nxd6 Qc5) 33. f4 $11 Qe6 (33... Qc3 $5 34. Qe4 $8 Nc5 35. Qe8+ Ka7 $16) 34. Ne4 {[%mdl 8192] [#] Wards off Bc5} (34. Bxc6 $1 $11 Nc4 (34... bxc6 35. Qxc6 Nc5 36. Qxb6+ Ka8 37. Qxa5+ Kb8 38. Qxc5 Qd7 39. Qb6+ Ka8 40. Nb5) 35. Qxc4 Qxc4 36. Nxc4 bxc6 37. g5) 34... h5 $1 35. Ng5 Qg6 {And now ...hxg4 would win.} 36. Qe4 {[#]} (36. gxh5 $142 Qxh5 37. Bxc6 bxc6 38. Qxc6) 36... f6 $1 $19 37. Qe7 $2 (37. Nd4 {might work better.} Qxe4 38. Nxe4 hxg4 39. Nc2) 37... fxg5 38. Nd6 (38. Qxg5 $142 Qxg5 39. fxg5 Bc7+ 40. Kh4 hxg4 41. Kxg4) 38... gxf4+ 39. Kh2 Bc7 {...fxe3 would now be deadly.} (39... Bxe3 40. Qxb7#) 40. Ne8 Bb6 ({Stronger than} 40... fxe3+ 41. Qxc7+ Ka7 42. Qxa5+ Kb8 43. Qe5+ Ka8 44. gxh5 $11 (44. Qa5+ Kb8 $11)) 41. Nd6 $1 {[%csl Gd6][%cal Re7b7] [#]} Nc5 ({Inferior is} 41... Bxe3 42. Qxb7#) 42. Qf8+ Ka7 43. Bf1 Nbd3 ({Not} 43... Qxg4 44. Nc8+ $17) 44. e4 Qxg4 {Black mates.} 45. Nc8+ Ka6 46. Nxb6 Qh4+ {Weighted Error Value: White=0.85/Black=0.63.  Loses game:     	White=2     	---        Missed win:     	---       	Black=1      Mistake:       	White=9     	Black=5      Inaccurate:     	White=1     	Black=3      OK:         	White=7     	Black=9      Best:        	White=4     	Black=3      Strong:       	---       	Black=3} 0-1

[Event "45th FIDE Womens Olympiad 2024"]
[Site "Budapest"]
[Date "2024.09.16"]
[Round "6.56"]
[White "Vidic, Teja"]
[Black "Aydin, Gulenay"]
[Result "0-1"]
[ECO "B80"]
[WhiteElo "2128"]
[BlackElo "2202"]
[Annotator "TA"]
[PlyCount "118"]
[EventDate "2024.09.05"]
[EventType "team-tourn"]
[EventCountry "HUN"]
[SourceTitle "playchess.com"]
[Source "ChessBase"]
[SourceQuality "1"]
[WhiteTeam "Slovenia"]
[BlackTeam "Turkiye"]
[WhiteTeamCountry "SLO"]
[TimeControl "40/5400+30:1800+30"]

1. e4 c5 2. Nc3 e6 3. Nge2 Nc6 4. g3 Nf6 5. Bg2 d6 6. d4 cxd4 7. Nxd4 Bd7 8. O-O Be7 9. Nxc6 Bxc6 10. Bf4 O-O 11. e5 {The position is equal.} dxe5 12. Bxe5 Qb6 13. Qe2 (13. Bd4 $11 {keeps the balance.} Qc7 (13... Qxb2 14. a3 $16) 14. Qe2) 13... Bxg2 $17 14. Kxg2 Nd7 (14... Qxb2 $6 15. Rab1 Qa3 16. Rxb7 $11) 15. Bf4 Qxb2 16. Nd5 exd5 (16... Bd8 $17 17. Ne3 e5) 17. Qxe7 $15 Qb5 18. Rab1 Qc6 19. Qd6 Nb6 20. Qxc6 bxc6 21. Bc7 Rfc8 22. Bf4 h6 23. h4 Nd7 (23... Re8 $15) 24. Rfe1 $11 Nf8 25. Be5 ({White should play} 25. Rb7 $11) 25... c5 26. f4 Nd7 ({Black should try} 26... Rc6 $15 27. c3 Ra6) 27. Rb7 Nb6 28. Bc7 Nc4 29. Kf2 a6 30. Re7 Re8 31. Rd7 d4 $36 {[%mdl 2048] Black has some pressure.} 32. f5 Ne3 {...Ng4+ would now be deadly.} 33. Bd6 Nxf5 (33... Nxc2 34. Rxf7 (34. Bxc5 Rab8 $11) 34... Kh8 35. Rxg7 (35. Bxc5 Rac8 $16) (35. Bxc5 Rac8 $16)) 34. Bxc5 (34. Bf4 $1 $11 {remains equal.}) 34... Rac8 $17 35. Rbc7 Rxc7 36. Rxc7 {[%mdl 4096] Endgame. KRB-KRN} h5 37. Kf3 (37. a3 $17) 37... g6 (37... Re1 $1 $19 {Hoping for ...Rf1+.} 38. c3 Rc1 (38... dxc3 $2 39. Bf2 $19)) 38. Kf4 (38. a4 $17) 38... Ng7 {Strongly threatening ...Ne6+.} 39. Rc6 Ne6+ 40. Kf3 Nxc5 41. Rxc5 {KR-KR} Re3+ 42. Kf4 {[#]} Ra3 $1 43. g4 (43. Rc4 $17 {was worth a try.}) 43... hxg4 $19 ({Not} 43... Rxa2 44. gxh5 gxh5 45. Ke4 $15) 44. Kxg4 Rxa2 45. h5 {[#]} (45. Kf4 $17) 45... gxh5+ $1 46. Kxh5 a5 47. Rc4 (47. Kh6 Kf8 48. Kg5) 47... a4 48. Rxd4 Ra1 {( -> ...Kf8)} ({Weaker is} 48... Rxc2 49. Rxa4 Rc3 50. Kg4 $15) 49. c4 a3 50. Rg4+ Kf8 51. Rg2 a2 52. Kg4 Ke7 53. Kg3 Kd6 54. Kh2 {[#]} Rh1+ $3 55. Kxh1 a1=Q+ (55... a1=B $2 {perishes.} 56. Rg5 $18) 56. Kh2 Qh8+ 57. Kg1 Qd4+ 58. Rf2 Ke6 59. Kg2 Qxc4 {Weighted Error Value: White=0.58/Black=0.17 (very precise) .  Mistake:       	White=8     	Black=4      Inaccurate:     	White=5     	Black=2      OK:         	White=7     	Black=13     Best:        	White=4     	Black=6      Strong:       	---       	Black=1} 0-1

[Event "45th FIDE Womens Olympiad 2024"]
[Site "Budapest"]
[Date "2024.09.16"]
[Round "6.57"]
[White "Borosova, Zuzana"]
[Black "Bulmaga, Irina"]
[Result "0-1"]
[ECO "C54"]
[WhiteElo "2205"]
[BlackElo "2406"]
[Annotator "TA"]
[PlyCount "74"]
[EventDate "2024.09.05"]
[EventType "team-tourn"]
[EventCountry "HUN"]
[SourceTitle "playchess.com"]
[Source "ChessBase"]
[SourceQuality "1"]
[WhiteTeam "Slovakia"]
[BlackTeam "Romania"]
[WhiteTeamCountry "SVK"]
[BlackTeamCountry "ROU"]
[TimeControl "40/5400+30:1800+30"]

1. e4 e5 2. Nf3 Nc6 3. Bc4 Bc5 4. c3 Nf6 5. d4 exd4 6. b4 (6. e5 $11 d5 7. Be2) 6... Bb6 $15 7. e5 d5 8. exf6 {Black is slightly better.} dxc4 9. Qe2+ Be6 10. b5 $1 {[#]} Nb4 $1 11. cxb4 (11. fxg7 {keeps more tension.} Rg8 12. cxb4 Qf6 13. Qe5) 11... Qxf6 12. O-O O-O 13. a4 c6 (13... a5 $11 14. bxa6 bxa6) 14. bxc6 (14. a5 {seems wilder.} Bc7 15. Qe4 d3 16. bxc6 Rad8 17. Bd2) 14... Bd5 15. Qe5 (15. cxb7 {looks sharper.} Rae8 16. b8=Q Rxe2 17. Qf4) 15... Qxe5 16. Nxe5 {cxb7 is the strong threat.} bxc6 17. Na3 c3 18. Bf4 g5 19. a5 (19. Bg3 $1 $11 {remains equal.} f6 20. Nec4) 19... gxf4 $17 ({Much worse is} 19... Bc7 $6 20. Bg3 $14) 20. axb6 axb6 {White must now prevent ...Rfd8.} 21. Nc2 (21. Nd7 $17 {is a better defense.}) 21... Rxa1 22. Rxa1 f6 23. Nd3 {[#]} Bc4 $1 24. Nce1 {[#]} Rc8 (24... f3 $1 $17 25. gxf3 Re8) 25. Nxf4 c5 26. bxc5 bxc5 27. f3 Bb3 {[%mdl 1024] Black has compensation.} 28. Nfd3 $2 (28. Kf2 $11) 28... c4 $19 29. Nc1 Bd1 {Inhibits Ne2.} (29... Rd8 $19 30. Kf2 d3 31. Nexd3 Rxd3 32. Nxd3 cxd3) 30. Kf2 (30. Na2 $1 $15 Bb3 31. Nxc3 dxc3 32. Rc1) 30... Re8 31. Ra2 Bb3 {Black has more active pieces. The white rooks are passive.} (31... d3 32. Nexd3 cxd3 33. Nxd3 $11) ({Black should try} 31... Rd8 $17 {Threatens to win with ...d3.} 32. Ra1 Rb8) 32. Re2 $2 (32. Ra1 $1 $15) 32... Rd8 {aiming for ...d3.} 33. Nxb3 cxb3 34. Nd3 Rb8 35. Re1 b2 36. Nxb2 Rxb2+ 37. Kf1 c2 {Weighted Error Value: White=0.88/Black=0.24 (precise) .  Loses game:     	White=2     	---        Mistake:       	White=3     	Black=5      Inaccurate:     	White=2     	Black=1      OK:         	White=11    	Black=11     Best:        	---       	Black=5      Strong:       	White=1     	Black=1} 0-1